[Event "Titled Tuesday Blitz March 21 Early 2023"]
[White "Silva, Caio Henrique Angelico"]
[Black "Jones, Gawain C B"]
[WhiteFideId "22777210"]
[BlackFideId "409561"]
[WhiteElo "2096"]
[BlackElo "2645"]
[Result "0-1"]
[Round "03"]
[TimeControl "180+2"]
[Date "2023.03.21"]
[WhiteClock "0:00:02"]
[BlackClock "0:00:05"]

1. d4 Nf6 2. Nf3 g6 3. g3 Bg7 4. Bg2 c5 5. O-O cxd4 6. Nxd4 h5 7. h4 d5 8. c4 dxc4 9. Nb5 Qb6 10. N1c3 O-O 11. Be3 Qa5 12. Na3 Ng4 13. Bd2 Qa6 14. Qa4 Qxa4 15. Nxa4 Nd7 16. Nxc4 Rb8 17. Ne3 Nde5 18. Nxg4 Bxg4 19. Bc3 Rfc8 20. Bd4 Rc4 21. Bxe5 Bxe5 22. Nc3 Bxc3 23. bxc3 Rxc3 24. Rfc1 Rbc8 25. Rxc3 Rxc3 26. Bxb7 Bxe2 27. a4 a5 28. Re1 Rc2 29. Be4 Ra2 30. Bd5 Rb2 31. Bc6 e5 32. Kg2 Kg7 33. Rc1 Kf6 34. Rc5 Rb6 35. Bd5 Ra6 36. Rc7 e4 37. Bxe4 Ke5 38. Bf3 Bxf3+ 39. Kxf3 f6 40. Rc5+ Kd4 41. Rb5 Kd3 42. Kf4 Ke2 43. f3 Rc6 44. g4 Rc4+ 45. Kg3 hxg4 46. fxg4 Rxa4 47. h5 Ra3+ 48. Kf4 Ra4+ 49. Kg3 Ra3+ 50. Kf4 gxh5 51. gxh5 a4 52. Kf5 Rf3+ 53. Kg6 f5 54. h6 f4 55. h7 Rg3+ 56. Kf5 Rh3 57. Kxf4 Rxh7 58. Ra5 Rh4+ 59. Ke5 Rh5+ 60. Kd4 Rxa5 0-1


[Site "https://www.chess.com"]

[Event "Titled Tuesday Blitz March 21 Early 2023"]
[White "Szyszylo, Rafal"]
[Black "Harshavardhan G B"]
[WhiteFideId "1109626"]
[BlackFideId "25059009"]
[WhiteElo "1951"]
[BlackElo "2323"]
[Result "0-1"]
[Round "03"]
[TimeControl "180+2"]
[Date "2023.03.21"]
[WhiteClock "0:00:09"]
[BlackClock "0:00:20"]

1. e4 e5 2. d4 exd4 3. c3 dxc3 4. Bc4 Nc6 5. Nxc3 Nf6 6. Nf3 Bb4 7. O-O Bxc3 8. bxc3 d6 9. Re1 O-O 10. Rb1 Rb8 11. Bg5 h6 12. Bh4 Bg4 13. h3 Bxf3 14. Qxf3 Ne5 15. Qe2 Nxc4 16. Qxc4 Qe7 17. Qd4 c5 18. Qa4 b6 19. Rbd1 b5 20. Qa6 Rb6 21. Qa5 Rfb8 22. f4 Qe6 23. Qxa7 Nxe4 24. Rd3 f5 25. Red1 b4 26. cxb4 Rxb4 27. Kh2 Rb2 28. Qc7 Qg6 29. Rg1 Ra8 30. a3 Qf7 31. Qc6 Qb7 32. Qxb7 Rxb7 33. g4 Rb2+ 34. Kh1 Rab8 35. gxf5 R8b3 36. f6 Rxd3 37. Rxg7+ Kf8 38. Rg1 Rxh3# 0-1


[Site "https://www.chess.com"]

[Event "Titled Tuesday Blitz March 21 Early 2023"]
[White "Bodnaruk, Anastasia"]
[Black "Topalov, Aleksandar"]
[WhiteFideId "4181751"]
[BlackFideId "925659"]
[WhiteElo "2310"]
[BlackElo "2151"]
[Result "1-0"]
[Round "03"]
[TimeControl "180+2"]
[Date "2023.03.21"]
[WhiteClock "0:00:21"]
[BlackClock "0:00:07"]

1. e4 e6 2. d4 d5 3. e5 Ne7 4. Nf3 Qd7 5. c3 b6 6. a4 Ba6 7. Bxa6 Nxa6 8. a5 Nb8 9. O-O Nbc6 10. axb6 cxb6 11. b4 Rc8 12. Nbd2 a5 13. b5 Na7 14. c4 dxc4 15. Ne4 Nd5 16. Nfg5 h6 17. Qh5 Nxb5 18. f4 g6 19. Qh3 Nxd4 20. Rd1 Bc5 21. Kh1 Kf8 22. Bb2 c3 23. Nxc3 Nxc3 24. Bxc3 Qd5 25. Nf3 Nb5 26. Rxd5 Nxc3 27. Rd7 Ne2 28. Ng5 Be7 29. Nxe6+ fxe6 30. Qxe6 Re8 31. Rxe7 Rxe7 32. Qf6+ Ke8 33. Qxh8+ 1-0


[Site "https://www.chess.com"]

[Event "Titled Tuesday Blitz March 21 Early 2023"]
[White "Borgaonkar Akshay"]
[Black "Meunier-Pion, Jean"]
[WhiteFideId "25639110"]
[BlackFideId "20685327"]
[WhiteElo "2063"]
[BlackElo "2124"]
[Result "1-0"]
[Round "03"]
[TimeControl "180+2"]
[Date "2023.03.21"]
[WhiteClock "0:00:19"]
[BlackClock "0:00:03"]

1. Nf3 Nf6 2. b3 e6 3. Bb2 c5 4. e3 b6 5. c4 Bb7 6. Nc3 d5 7. d4 cxd4 8. exd4 dxc4 9. Bxc4 Bb4 10. O-O O-O 11. Ne5 Nc6 12. a3 Bd6 13. Ne2 Na5 14. Bd3 Qe7 15. Nf4 Rac8 16. Nh5 Rfd8 17. b4 Nc6 18. Nxf6+ Qxf6 19. Qe2 Qh4 20. Rae1 Nxd4 21. Qe3 Nf5 22. Bxf5 exf5 23. Qb3 Rf8 24. h3 Qg5 25. f3 Qf4 26. Qd3 Bb8 27. Qe3 Qg3 28. Qf2 Qf4 29. Qe3 Qg3 30. Qf2 Qg5 31. f4 Qd8 32. Rd1 Qe7 33. Qg3 f6 34. Rd7 Qxd7 35. Nxd7 Rf7 36. Nxf6+ Kf8 37. Nxh7+ Kg8 38. Ng5 Re7 39. Qh4 Rc2 40. Qh7+ Kf8 41. Qh8# 1-0


[Site "https://www.chess.com"]

[Event "Titled Tuesday Blitz March 21 Early 2023"]
[White "Trakru, Rohun"]
[Black "Savitha Shri B"]
[WhiteFideId "2097613"]
[BlackFideId "35061887"]
[WhiteElo "1852"]
[BlackElo "2191"]
[Result "0-1"]
[Round "03"]
[TimeControl "180+2"]
[Date "2023.03.21"]
[WhiteClock "0:00:03"]
[BlackClock "0:00:19"]

1. e4 c5 2. Nc3 Nc6 3. Bb5 Nd4 4. Nf3 Nxb5 5. Nxb5 a6 6. Nc3 d6 7. d4 cxd4 8. Qxd4 Nf6 9. Bg5 h6 10. Bxf6 gxf6 11. Nd5 Be6 12. O-O-O Rc8 13. Kb1 Bg7 14. Nh4 Bxd5 15. Qxd5 O-O 16. Qd3 e6 17. Qxd6 Qa5 18. Nf3 b5 19. h4 b4 20. h5 Qa4 21. Qd3 Rc5 22. Qb3 Qa5 23. Rd7 Rfc8 24. Nd4 Qb6 25. Rd1 a5 26. Nf5 Re8 27. Nd6 Rf8 28. Nc4 Qc6 29. Ne3 Qxe4 30. Qd3 Qc6 31. Rd6 Qc7 32. Rd8 f5 33. Rxf8+ Bxf8 34. g4 f4 35. Ng2 Qe5 36. f3 Rd5 37. Qf1 Bg7 38. c3 bxc3 39. Qe1 c2+ 0-1


[Site "https://www.chess.com"]

[Event "Titled Tuesday Blitz March 21 Early 2023"]
[White "Mackster23"]
[Black "Buscar, Michael"]
[BlackFideId "2603616"]
[WhiteElo "2533"]
[BlackElo "2010"]
[Result "1-0"]
[Round "03"]
[TimeControl "180+2"]
[Date "2023.03.21"]
[WhiteClock "0:00:11"]
[BlackClock "0:00:01"]

1. e4 c6 2. d4 d6 3. Nc3 Nf6 4. Be3 Qc7 5. Qd2 e5 6. h3 Be7 7. Nf3 Nbd7 8. a4 a5 9. Bc4 Nf8 10. O-O Ng6 11. Rfe1 O-O 12. Ba2 Nh5 13. Ne2 Nh4 14. Nxh4 Bxh4 15. Bg5 Bxg5 16. Qxg5 Nf6 17. dxe5 dxe5 18. Ng3 h6 19. Qe3 Re8 20. Rad1 Be6 21. Bxe6 Rxe6 22. Nf5 Rd8 23. Qg3 Nh5 24. Qg4 Rxd1 25. Rxd1 g6 26. Nxh6+ Kh7 27. Nf5 Qb6 28. b3 Rf6 29. Ne3 Rf4 30. Qg5 Rxe4 31. Rd7 Kg7 32. Ng4 Rxg4 33. Qxe5+ Kh6 34. hxg4 Ng7 35. g5+ Kh5 36. Rd3 Nf5 37. Rh3+ Kxg5 38. Rg3+ Kh6 39. Qh8# 1-0


[Site "https://www.chess.com"]

[Event "Titled Tuesday Blitz March 21 Early 2023"]
[White "Korpics, Zsolt"]
[Black "Golubev, Mikhail"]
[WhiteFideId "705241"]
[BlackFideId "14100983"]
[WhiteElo "2330"]
[BlackElo "2374"]
[Result "0-1"]
[Round "03"]
[TimeControl "180+2"]
[Date "2023.03.21"]
[WhiteClock "0:00:35"]
[BlackClock "0:00:11"]

1. e4 c5 2. Nf3 d6 3. d4 Nf6 4. Nc3 cxd4 5. Nxd4 g6 6. Be3 Bg7 7. f3 O-O 8. Qd2 Nc6 9. g4 Nxd4 10. Bxd4 Be6 11. O-O-O Qa5 12. Kb1 Rfc8 13. a3 Rab8 14. Nd5 Qxd2 15. Nxf6+ Bxf6 16. Rxd2 Bxd4 17. Rxd4 b5 18. h4 h6 19. Be2 Kg7 20. f4 Bc4 21. Bxc4 bxc4 22. Rh3 Rc5 23. f5 Rcb5 24. Rxc4 Rxb2+ 25. Kc1 Rb1+ 26. Kd2 Rg1 27. fxg6 Kxg6 28. Rc7 Rxg4 29. Rxe7 Rg2+ 30. Kd3 Rb2 31. h5+ Kf6 32. Rxa7 Rbxc2 33. Rf3+ Ke6 34. Raxf7 Rgd2+ 35. Ke3 Re2+ 36. Kf4 Kxf7 0-1


[Site "https://www.chess.com"]

[Event "Titled Tuesday Blitz March 21 Early 2023"]
[White "Padmini, Rout"]
[Black "Zanette, Edgard Vinicius"]
[WhiteFideId "5029295"]
[BlackFideId "2109263"]
[WhiteElo "2314"]
[BlackElo "2211"]
[Result "1-0"]
[Round "03"]
[TimeControl "180+2"]
[Date "2023.03.21"]
[WhiteClock "0:00:11"]
[BlackClock "0:00:04"]

1. Nf3 Nf6 2. c4 e6 3. Nc3 d5 4. cxd5 exd5 5. d4 h6 6. e3 c6 7. Bd3 Bd6 8. O-O O-O 9. h3 Nbd7 10. Rb1 a5 11. a3 Re8 12. b4 axb4 13. axb4 b5 14. Qc2 Bb7 15. Bd2 Qe7 16. Rfe1 Ne4 17. Re2 f5 18. Be1 Nb6 19. Nd2 Ra3 20. Nb3 Nc4 21. Nc5 Bc8 22. Nd1 g6 23. Bxc4 bxc4 24. Nxe4 fxe4 25. b5 cxb5 26. Rxb5 Be6 27. f4 Qd7 28. Rb6 Bc7 29. Rb7 Qc6 30. Rb1 Rea8 31. Nc3 Bd7 32. Rd2 Bd8 33. Rdd1 Ba5 34. Rb2 Bd8 35. Rdb1 Be6 36. Rb5 R3a6 37. Rc5 Qd6 38. Rb7 R6a7 39. Rxa7 Rxa7 40. Nb5 Qa6 41. Nxa7 Qxa7 42. Qb2 Bb6 43. Rc6 1-0


[Site "https://www.chess.com"]

[Event "Titled Tuesday Blitz March 21 Early 2023"]
[White "TigranHH"]
[Black "Miszler, Levente"]
[BlackFideId "763276"]
[WhiteElo "2273"]
[BlackElo "2176"]
[Result "1-0"]
[Round "03"]
[TimeControl "180+2"]
[Date "2023.03.21"]
[WhiteClock "0:00:28"]
[BlackClock "0:00:27"]

1. d4 e6 2. Nf3 Nf6 3. c4 b6 4. g3 Bb7 5. Bg2 Be7 6. O-O O-O 7. d5 exd5 8. Nh4 c6 9. cxd5 Nxd5 10. Nf5 Nf6 11. e4 Bc5 12. Nc3 d6 13. Bg5 h6 14. Bf4 d5 15. e5 Ne8 16. Qg4 Kh7 17. Rad1 Bc8 18. Ne4 g6 19. Qh3 h5 20. g4 Ng7 21. Nf6+ Kh8 22. Qh4 Bxf5 23. Qg5 Qxf6 24. exf6 Ne6 25. Qh6+ Kg8 26. gxf5 gxf5 27. Bf3 Re8 28. Kh1 1-0


[Site "https://www.chess.com"]

[Event "Titled Tuesday Blitz March 21 Early 2023"]
[White "Bernat, David"]
[Black "Abrosimov, Vladimir"]
[WhiteFideId "2099225"]
[BlackFideId "4166892"]
[WhiteElo "2461"]
[BlackElo "2336"]
[Result "1-0"]
[Round "03"]
[TimeControl "180+2"]
[Date "2023.03.21"]
[WhiteClock "0:00:10"]
[BlackClock "0:00:06"]

1. c4 Nf6 2. Nc3 g6 3. g3 Bg7 4. Bg2 O-O 5. e4 d6 6. Nge2 Nbd7 7. O-O e5 8. d3 Ne8 9. Be3 c6 10. f4 f5 11. exf5 gxf5 12. fxe5 dxe5 13. d4 exd4 14. Bxd4 Nb6 15. Bxg7 Nxg7 16. c5 Nc4 17. Qxd8 Rxd8 18. b3 Ne3 19. Rf3 Nxg2 20. Kxg2 Be6 21. Nf4 Bf7 22. Re1 Rd2+ 23. Rf2 Rxf2+ 24. Kxf2 Re8 25. Rxe8+ Bxe8 26. Ke3 Bf7 27. Kd4 Ne6+ 28. Nxe6 Bxe6 29. Ke5 Kf7 30. Kd6 Kf6 31. Kc7 Kg5 32. Kxb7 Kg4 33. Kxc6 Kh3 34. Kd6 Bc8 35. Nd5 Kxh2 36. Ke5 Kxg3 37. c6 h5 38. c7 h4 39. Ne7 h3 40. Nxc8 h2 41. Nd6 h1=Q 42. Nxf5+ Kf3 43. c8=Q Qa1+ 44. Nd4+ Ke3 45. Qc4 Qxa2 46. Nf5+ Kf3 47. Qf4+ Ke2 48. Qh2+ 1-0


[Site "https://www.chess.com"]

[Event "Titled Tuesday Blitz March 21 Early 2023"]
[White "Fernandez Hernandez, Gerardo"]
[Black "Spitzl, Vinzent"]
[WhiteFideId "2207400"]
[BlackFideId "12901253"]
[WhiteElo "2208"]
[BlackElo "2225"]
[Result "0-1"]
[Round "03"]
[TimeControl "180+2"]
[Date "2023.03.21"]
[WhiteClock "0:00:01"]
[BlackClock "0:00:49"]

1. e4 c5 2. d3 Nc6 3. g3 g6 4. Bg2 Bg7 5. f4 d6 6. Nf3 Bg4 7. h3 Bxf3 8. Qxf3 Nf6 9. O-O O-O 10. g4 e6 11. c3 Rc8 12. Be3 b5 13. Qf2 Nd7 14. Nd2 a5 15. Nf3 Qe7 16. g5 f5 17. exf5 gxf5 18. d4 cxd4 19. Nxd4 Nxd4 20. Bxd4 Nc5 21. Bxg7 Qxg7 22. Rad1 Rfd8 23. Rfe1 d5 24. Qd4 Qxd4+ 25. cxd4 Ne4 26. Bxe4 dxe4 27. Rd2 Kf7 28. Kf2 Rc4 29. Ke3 a4 30. h4 b4 31. h5 a3 32. bxa3 bxa3 33. Rb1 Rc3+ 34. Ke2 Rd7 35. Rb8 Rf3 36. Rh8 Kg7 37. Re8 Rxf4 38. Rxe6 Rg4 39. h6+ Kf7 40. Rf6+ Ke7 41. Rxf5 Ke6 42. Re5+ Kd6 43. Ke3 Rc7 44. Rxe4 Rxg5 45. Rf2 Rg3+ 46. Kf4 Rh3 47. Kg5 Kd5 48. Ref4 Rc6 49. Rd2 Rg6+ 50. Kf5 Rh5# 0-1


[Site "https://www.chess.com"]

[Event "Titled Tuesday Blitz March 21 Early 2023"]
[White "Ruge, Edison"]
[Black "Krzyzanowski, Marcin"]
[WhiteFideId "4401000"]
[BlackFideId "1132199"]
[WhiteElo "2175"]
[BlackElo "2471"]
[Result "0-1"]
[Round "03"]
[TimeControl "180+2"]
[Date "2023.03.21"]
[WhiteClock "0:00:02"]
[BlackClock "0:00:26"]

1. e4 c6 2. d3 d5 3. Nd2 e5 4. Ngf3 Bd6 5. g3 Nf6 6. Bg2 O-O 7. O-O Re8 8. h3 h6 9. Qe2 dxe4 10. dxe4 Be6 11. Nc4 Bxc4 12. Qxc4 Nbd7 13. Rd1 Qe7 14. Nh4 Nb6 15. Qb3 Bc5 16. Nf5 Qe6 17. Be3 Bxe3 18. Qxe3 Rad8 19. b3 Nh7 20. a4 Nf8 21. Bf1 Kh7 22. a5 Nc8 23. Bc4 Qf6 24. Qe2 g6 25. Ne3 h5 26. Rxd8 Rxd8 27. Rd1 b5 28. Rxd8 Qxd8 29. Bxb5 cxb5 30. Qxb5 Ne6 31. Qxe5 Qd4 32. Qb8 Nd6 33. Kf1 Nxe4 0-1


[Site "https://www.chess.com"]

[Event "Titled Tuesday Blitz March 21 Early 2023"]
[White "Salimova, Nurgyul"]
[Black "Fernandez Siles, Luis"]
[WhiteFideId "2915138"]
[BlackFideId "2209420"]
[WhiteElo "2314"]
[BlackElo "2186"]
[Result "1-0"]
[Round "03"]
[TimeControl "180+2"]
[Date "2023.03.21"]
[WhiteClock "0:01:47"]
[BlackClock "0:00:08"]

1. d4 Nf6 2. Nf3 g6 3. g3 Bg7 4. Bg2 O-O 5. c4 d6 6. O-O c6 7. Nc3 Qa5 8. e4 e5 9. dxe5 dxe5 10. Qc2 Bg4 11. Be3 Bxf3 12. Bxf3 Nbd7 13. a3 Rfd8 14. c5 Nf8 15. b4 Qc7 16. Be2 Ne6 17. Bc4 Nd4 18. Qa2 h5 19. Rad1 h4 20. Ne2 Nf3+ 21. Kg2 h3+ 22. Kxf3 Nxe4 23. Bxf7+ Kh7 24. Kxe4 Rd4+ 25. Bxd4 exd4 26. Qe6 1-0


[Site "https://www.chess.com"]

[Event "Titled Tuesday Blitz March 21 Early 2023"]
[White "Bhavikatti, Neil"]
[Black "Rozman, Levy"]
[WhiteFideId "30935024"]
[BlackFideId "2039877"]
[WhiteElo "2342"]
[BlackElo "2376"]
[Result "0-1"]
[Round "03"]
[TimeControl "180+2"]
[Date "2023.03.21"]
[WhiteClock "0:00:09"]
[BlackClock "0:01:48"]

1. d4 d5 2. c4 e6 3. Nc3 a6 4. cxd5 exd5 5. Nf3 Nf6 6. Bg5 c6 7. e3 Bf5 8. Bd3 Bxd3 9. Qxd3 Nbd7 10. O-O Be7 11. Rab1 O-O 12. b4 Re8 13. a4 b5 14. a5 Bd6 15. Rfc1 Rc8 16. Ne2 Qe7 17. Qb3 Qe6 18. Bf4 Ne4 19. Bxd6 Nxd6 20. Nf4 Qh6 21. Nd3 Nc4 22. Rc2 Re6 23. Qc3 Rce8 24. Nde5 Nf6 25. Nxc4 bxc4 26. Ne5 Ne4 27. Qe1 f6 28. Nd7 f5 29. Nc5 Nxc5 30. bxc5 f4 31. Re2 f3 32. gxf3 Rg6+ 33. Kh1 Qh3 34. Qg1 Qxf3+ 35. Qg2 Rxg2 0-1


[Site "https://www.chess.com"]

[Event "Titled Tuesday Blitz March 21 Early 2023"]
[White "Ovezdurdyyeva, Jemal"]
[Black "Gallo Garcia, Kemel Antonio"]
[WhiteFideId "14001888"]
[BlackFideId "3523896"]
[WhiteElo "2043"]
[BlackElo "2359"]
[Result "0-1"]
[Round "03"]
[TimeControl "180+2"]
[Date "2023.03.21"]
[WhiteClock "0:01:19"]
[BlackClock "0:00:24"]

1. e4 c5 2. Nf3 d6 3. c3 Nf6 4. Bd3 g6 5. O-O Bg7 6. h3 O-O 7. Bc2 e5 8. d4 Nc6 9. Bg5 h6 10. Be3 b6 11. Na3 Nh5 12. Qd2 Kh7 13. Rfd1 Qf6 14. Nc4 Bxh3 15. Nxd6 Bxg2 16. Kxg2 Qxd6 17. dxc5 Qe6 18. Nh2 Nf4+ 19. Bxf4 exf4 20. Qxf4 bxc5 21. Qg4 Qe7 22. Rd5 Ne5 23. Qh3 Rad8 24. Rad1 Rxd5 25. Rxd5 Qg5+ 26. Qg3 Qc1 27. Bb3 c4 28. Bd1 Nd3 29. Be2 Nf4+ 30. Kf3 Nxd5 31. exd5 Qxb2 0-1


[Site "https://www.chess.com"]

[Event "Titled Tuesday Blitz March 21 Early 2023"]
[White "benny_aizenberg"]
[Black "Van Osch, Mees"]
[BlackFideId "1035967"]
[WhiteElo "2560"]
[BlackElo "2324"]
[Result "1-0"]
[Round "03"]
[TimeControl "180+2"]
[Date "2023.03.21"]
[WhiteClock "0:01:31"]
[BlackClock "0:01:02"]

1. f4 b6 2. e4 Bb7 3. Nc3 e5 4. Nf3 exf4 5. d4 Nf6 6. e5 Nd5 7. Bc4 Bb4 8. O-O Nxc3 9. bxc3 Bxc3 10. Ba3 Nc6 11. Qd3 Bxa1 12. Qf5 f6 13. Rxa1 Na5 14. Bd3 g6 15. Qxg6+ hxg6 16. Bxg6# 1-0


[Site "https://www.chess.com"]

[Event "Titled Tuesday Blitz March 21 Early 2023"]
[White "Alahakoon, Isuru"]
[Black "Shuvalov, Evgenij"]
[WhiteFideId "9900993"]
[BlackFideId "4187237"]
[WhiteElo "1995"]
[BlackElo "2080"]
[Result "0-1"]
[Round "03"]
[TimeControl "180+2"]
[Date "2023.03.21"]
[WhiteClock "0:00:49"]
[BlackClock "0:01:02"]

1. Nf3 Nf6 2. d4 g6 3. Nc3 d5 4. Bf4 a6 5. e3 Bg4 6. Be2 Nbd7 7. h3 Bxf3 8. Bxf3 e6 9. O-O Bg7 10. e4 dxe4 11. Nxe4 Nxe4 12. Bxe4 c6 13. c3 O-O 14. Qb3 Qb6 15. Rfe1 Rfe8 16. Be3 Qc7 17. c4 Rad8 18. Rac1 b6 19. Qa4 c5 20. dxc5 Nxc5 21. Bxc5 Qxc5 22. Qxa6 Rd2 23. b4 Qxf2+ 24. Kh1 Rxa2 25. Qb7 Qg3 26. Rf1 Rf8 27. c5 Be5 0-1


[Site "https://www.chess.com"]

[Event "Titled Tuesday Blitz March 21 Early 2023"]
[White "Martinez, Shawn"]
[Black "Do Nascimento,Christian Almeida"]
[WhiteFideId "2039770"]
[BlackFideId "2143801"]
[WhiteElo "2174"]
[BlackElo "2125"]
[Result "0-1"]
[Round "03"]
[TimeControl "180+2"]
[Date "2023.03.21"]
[WhiteClock "0:00:04"]
[BlackClock "0:00:10"]

1. e4 c5 2. Nc3 g6 3. Bc4 Bg7 4. Qf3 e6 5. Nb5 d6 6. Qg3 e5 7. Qb3 Nh6 8. Qd3 O-O 9. Qxd6 Qg5 10. Kf1 Nc6 11. Qxc5 Be6 12. d3 Qh4 13. Nf3 Qd8 14. Bg5 Qd7 15. Qd6 Qxd6 16. Nxd6 Nd4 17. Nxd4 exd4 18. b3 Bxc4 19. bxc4 b6 20. Nb5 Rfc8 21. h3 Rc5 22. Be7 Rcc8 23. Bg5 f5 24. Re1 fxe4 25. Rxe4 Nf7 26. Bc1 Re8 27. f3 Rxe4 28. dxe4 a6 29. Na3 Rc8 30. Ke2 Bf8 31. Kd3 Bc5 32. f4 Nd6 33. Rf1 b5 34. cxb5 axb5 35. Bb2 Ra8 36. Nb1 Ra4 37. e5 Nc4 38. Bxd4 Bxd4 39. Kxd4 Nd2+ 40. Kd5 Nxf1 41. Nc3 Ne3+ 42. Kd6 Rxf4 43. e6 Nc4+ 44. Kd7 Rd4+ 45. Ke7 b4 46. Nb5 Rd2 47. Kf6 Rf2+ 48. Ke7 Rxc2 49. Nc7 Ne3 50. Ne8 Nf5+ 51. Kf6 Rc8 52. Nd6 Nxd6 53. e7 Ne8+ 54. Ke6 Ra8 55. Kd7 Ng7 0-1


[Site "https://www.chess.com"]

[Event "Titled Tuesday Blitz March 21 Early 2023"]
[White "Raahul V S"]
[Black "Sovetbekova, Nurai"]
[WhiteFideId "25035525"]
[BlackFideId "13801910"]
[WhiteElo "2168"]
[BlackElo "1857"]
[Result "1-0"]
[Round "03"]
[TimeControl "180+2"]
[Date "2023.03.21"]
[WhiteClock "0:00:03"]
[BlackClock "0:00:04"]

1. b3 Nf6 2. Bb2 g6 3. c4 Bg7 4. Nf3 O-O 5. e3 c5 6. Nc3 Nc6 7. Be2 d6 8. O-O Bf5 9. d3 a6 10. Qd2 Qc7 11. Rac1 Rfd8 12. Rfd1 Rac8 13. d4 d5 14. Nxd5 Nxd5 15. cxd5 Rxd5 16. Rxc5 Rxc5 17. dxc5 Rd8 18. Qc1 Rxd1+ 19. Bxd1 Bxb2 20. Qxb2 Nb4 21. Nd4 Qxc5 22. Nxf5 Qxf5 23. Bf3 Qd7 24. h4 h5 25. a3 Nc6 26. Qc3 Nd8 27. Qb4 b5 28. Qc5 Ne6 29. Qb6 Qc8 30. Bd5 Qc1+ 31. Kh2 Qc7+ 32. Qxc7 Nxc7 33. Bc6 Kg7 34. Kg3 Kf6 35. Kf4 e5+ 36. Ke4 Ke6 37. f3 Kd6 38. Bb7 f5+ 39. Kd3 Kc5 40. Bc8 Kd6 41. Kc3 Kc6 42. e4 Kd6 43. Kb4 fxe4 44. fxe4 Kc6 45. Ka5 Ne8 46. Kxa6 Nd6 47. Be6 Nxe4 48. Bf7 Nc5+ 49. Ka5 e4 50. Kb4 e3 51. Kc3 e2 52. Kd2 Ne4+ 53. Kxe2 Nd6 54. Bxg6 Kd5 55. Bxh5 Kd4 56. Kf2 Kc3 57. Bd1 Kd2 58. Be2 Kc3 59. a4 bxa4 60. bxa4 Kb4 61. Bb5 Ne4+ 62. Kf3 Nd2+ 63. Kf4 Nb3 64. h5 Nd4 65. h6 Ne6+ 66. Kf5 Nd4+ 67. Kf6 1-0


[Site "https://www.chess.com"]

[Event "Titled Tuesday Blitz March 21 Early 2023"]
[White "Richter, Nils"]
[Black "Friedel, Tom"]
[WhiteFideId "12990809"]
[BlackFideId "2002108"]
[WhiteElo "2381"]
[BlackElo "2309"]
[Result "1-0"]
[Round "03"]
[TimeControl "180+2"]
[Date "2023.03.21"]
[WhiteClock "0:00:23"]
[BlackClock "0:00:09"]

1. e4 c6 2. Nf3 d5 3. d3 e6 4. Nbd2 Nd7 5. g3 Ne7 6. Bg2 g6 7. O-O Bg7 8. c3 O-O 9. d4 dxe4 10. Nxe4 Nf6 11. Nxf6+ Bxf6 12. Bh6 Bg7 13. Bxg7 Kxg7 14. Re1 Qc7 15. Re5 Bd7 16. Qd2 Rad8 17. Rae1 Bc8 18. Qf4 Nd5 19. Qh4 Qe7 20. Qe4 f6 21. Rxd5 cxd5 22. Qe3 Qf7 23. h4 Rfe8 24. Nh2 e5 25. Qd2 e4 26. Nf1 f5 27. Qf4 Be6 28. Ne3 Qd7 29. Qe5+ Kg8 30. Bf1 Bf7 31. Qf4 Qd6 32. Qh6 a6 33. Ng2 b5 34. a3 Qf8 35. Qg5 Qe7 36. Qh6 Rf8 37. Nf4 Be8 38. h5 Rd6 39. hxg6 hxg6 40. Nh3 Qg7 41. Qf4 Rff6 42. Ng5 Bc6 43. Be2 Rd8 44. Kg2 Rd7 45. Rh1 Qf8 46. Qe5 Qg7 47. Rh7 Qf8 48. Rxd7 Bxd7 49. Qxd5+ Kg7 50. Qxd7+ Kh6 51. Qh7+ Kxg5 52. Qh4# 1-0


[Site "https://www.chess.com"]

[Event "Titled Tuesday Blitz March 21 Early 2023"]
[White "Kraus, Tomas"]
[Black "Remolar Gallen, Jose"]
[WhiteFideId "331708"]
[BlackFideId "2215187"]
[WhiteElo "2389"]
[BlackElo "2223"]
[Result "0-1"]
[Round "03"]
[TimeControl "180+2"]
[Date "2023.03.21"]
[WhiteClock "0:00:02"]
[BlackClock "0:00:07"]

1. e4 c5 2. Nc3 d6 3. f4 Nc6 4. Nf3 e6 5. g3 Nge7 6. Bg2 g6 7. O-O Bg7 8. d3 Rb8 9. Be3 b5 10. d4 b4 11. Ne2 cxd4 12. Nexd4 O-O 13. Qd2 Bb7 14. Rfd1 d5 15. e5 Nxd4 16. Nxd4 a5 17. a4 Ba6 18. g4 Qc7 19. Qf2 Nc6 20. Nb3 g5 21. Bc5 gxf4 22. Bxf8 Rxf8 23. Qxf4 Nxe5 24. g5 Qxc2 25. Nd4 Qxb2 26. Rab1 Qc3 27. Rdc1 Qxd4+ 28. Qxd4 Nf3+ 29. Kf2 Bxd4+ 30. Kxf3 Bc4 31. Bf1 Rc8 32. Bxc4 dxc4 33. Ke4 e5 34. h4 Kg7 35. h5 f6 36. Kf5 fxg5 37. Kxg5 h6+ 38. Kf5 Kf7 39. Ke4 Ke6 40. Rf1 c3 41. Rb3 c2 42. Rc1 Rc4 43. Kd3 Kd5 44. Rxc2 e4+ 45. Kd2 e3+ 46. Kd3 Rxc2 47. Kxc2 Kc4 48. Rb1 Bc3 0-1


[Site "https://www.chess.com"]

[Event "Titled Tuesday Blitz March 21 Early 2023"]
[White "Hercegovac, Neven"]
[Black "Rottenwohrer Suarez, Juan"]
[WhiteFideId "2839135"]
[BlackFideId "32068182"]
[WhiteElo "2075"]
[BlackElo "2174"]
[Result "0-1"]
[Round "03"]
[TimeControl "180+2"]
[Date "2023.03.21"]
[WhiteClock "0:01:08"]
[BlackClock "0:00:08"]

1. d4 Nf6 2. c4 c6 3. Nc3 d5 4. Nf3 dxc4 5. a4 Bf5 6. Ne5 e6 7. Nxc4 Bb4 8. f3 O-O 9. e4 Bg6 10. Be3 Nbd7 11. Bd3 a5 12. Qe2 Qe7 13. g4 e5 14. h4 h5 15. g5 Ne8 16. O-O exd4 17. Bxd4 Bc5 18. Qf2 Bxd4 19. Qxd4 Qc5 20. Qxc5 Nxc5 21. Be2 Nc7 22. f4 Bxe4 23. Nd6 Bd3 24. Bxd3 Nxd3 25. Rf3 Nc5 26. Re1 Rad8 27. Nf5 g6 28. Ne3 Rfe8 29. Kf1 Rd4 30. Nc2 Rxe1+ 31. Kxe1 Rxf4 32. Re3 Nxa4 33. Nxa4 Rxa4 34. Re7 Nd5 35. Rxb7 Rxh4 36. Rb8+ Kg7 37. Ra8 Rg4 38. Rxa5 Rxg5 39. Nd4 Re5+ 40. Kd2 h4 41. Nxc6 Rg5 42. Ra3 Rg2+ 43. Ke1 Rxb2 44. Rh3 g5 45. Ne5 Rb1+ 46. Kf2 Nf4 47. Rf3 f6 48. Nd3 Nxd3+ 49. Rxd3 Rb2+ 50. Kf3 Kg6 51. Kg4 Rb4+ 52. Kh3 Rf4 53. Rc3 Kh5 54. Rd3 f5 55. Rd8 g4+ 56. Kg2 Rf3 57. Rh8+ Kg5 58. Rg8+ Kf4 59. Ra8 h3+ 60. Kg1 Kg3 61. Ra1 f4 62. Kh1 Kh4 63. Kg1 g3 64. Ra8 h2+ 65. Kg2 Rf2+ 66. Kh1 Rf1+ 67. Kg2 h1=Q# 0-1


[Site "https://www.chess.com"]

[Event "Titled Tuesday Blitz March 21 Early 2023"]
[White "Botez, Alexandra"]
[Black "Omariev, Maksim"]
[WhiteFideId "2603365"]
[BlackFideId "4193423"]
[WhiteElo "2059"]
[BlackElo "2463"]
[Result "1-0"]
[Round "03"]
[TimeControl "180+2"]
[Date "2023.03.21"]
[WhiteClock "0:00:05"]
[BlackClock "0:00:01"]

1. d4 h5 2. c4 h4 3. Nc3 d6 4. h3 e5 5. Nf3 Nc6 6. d5 Nb8 7. Bg5 Be7 8. Qd2 Nd7 9. e4 Bxg5 10. Nxg5 a5 11. Be2 Ne7 12. Bg4 Ng6 13. O-O-O Nf4 14. g3 Qxg5 15. gxf4 Qxf4 16. f3 Qxd2+ 17. Rxd2 Nc5 18. Nb5 Kd8 19. Bxc8 Rxc8 20. Rg1 g6 21. b3 Ke7 22. Kc2 Rhd8 23. Rdg2 c6 24. Nc3 Rh8 25. Rg4 Rh5 26. Ra1 Nd7 27. a3 Nf6 28. Rg2 Nh7 29. b4 Ng5 30. bxa5 Nxh3 31. Rb1 Rc7 32. dxc6 bxc6 33. a6 Nf4 34. Rb7 Kd7 35. a7 Rh8 36. Rxc7+ Kxc7 37. Rd2 Ra8 38. Rh2 h3 39. Ne2 Nxe2 40. Rxe2 Kb7 41. Kb3 Rh8 42. Rh2 Kxa7 43. Kb4 Kb6 44. a4 c5+ 45. Kb3 f5 46. Kc3 Ka5 47. Kb3 Rh4 48. exf5 1-0


[Site "https://www.chess.com"]